 Dungeon Crawl Stone Soup version 0.25.1-2-g60ff931df9 (webtiles) character file.

Game seed: 6875743785453810939

56 gruber the Chopper (level 3, -10/33 HPs)
             Began as a Deep Dwarf Fighter on Aug 20, 2020.
             Mangled by Crazy Yiuf
             ... wielding a +3 quarterstaff of chaos
              (17 damage)
             ... while paralysed by Crazy Yiuf
             ... on level 2 of the Dungeon.
             The game lasted 00:01:23 (1511 turns).

gruber the Chopper (Deep Dwarf Fighter)             Turns: 1511, Time: 00:01:23

Health: -10/33     AC: 11    Str: 20    XL:     3   Next: 69%
Magic:  3/3        EV:  2    Int:  8    God:
Gold:   62         SH:  0    Dex: 12    Spells: 2/2 levels left

rFire    . . .     SeeInvis .   a - +0 war axe
rCold    . . .     Gourm    .   c - +0 kite shield
rNeg     . . .     Faith    .   r - +0 plate armour
rPois    .         Spirit   .   (no helmet)
rElec    .         Reflect  .   (no cloak)
rCorr    .         Harm     .   (no gloves)
MR       .....                  (no boots)
Stlth    ..........             (no amulet)
HPRegen  0.00/turn              (no ring)
MPRegen  0.08/turn              (no ring)

@: paralysed, lethally poisoned (-10 -> -10), non-regenerating, lightly drained
A: damage resistance, heal wounds, sense surroundings 1, no regeneration
a: Heal Wounds


You were on level 2 of the Dungeon.
You were very hungry.

You visited 1 branch of the dungeon, and saw 2 of its levels.

You collected 62 gold pieces.

Inventory:

Hand Weapons
 a - a +0 war axe (weapon)
Armour
 b - a +0 scale mail
 c - a +0 kite shield (worn)
 r - a +0 plate armour (worn)
Jewellery
 h - a cursed ring of attention {unknown}
Scrolls
 i - 2 scrolls of random uselessness {unknown}
 j - 2 scrolls of identify {unknown}
 n - a scroll of teleportation {unknown}
 q - a scroll of enchant weapon {unknown}
Potions
 d - 2 potions of might
 e - 3 potions of curing {unknown}
 g - a potion of stabbing {unknown}
 k - 3 potions of heal wounds {unknown}
 l - 2 potions of cancellation {unknown}
 m - a potion of magic {unknown}
 o - a potion of mutation {unknown}
 p - a potion of haste {unknown}
Comestibles
 f - 7 rations


   Skills:
 - Level 2.6(2.4) Fighting
 + Level 4.5(4.3) Axes
 - Level 3.2(3.0) Armour
 - Level 3.2(3.0) Shields


You had 2 spell levels left.
You didn't know any spells.
Your spell library was empty.

Dungeon Overview and Level Annotations

Branches:
Dungeon (2/15)

Altars:
The Shining One

Annotations:
D:2 Crazy Yiuf


Innate Abilities, Weirdness & Mutations

You are resistant to damage.
You can heal yourself by infusing magical energy.
You passively map a small area around you.
You do not regenerate.


Message History

You are poisoned.
You closely miss Crazy Yiuf. You block Crazy Yiuf's attack.
You hit Crazy Yiuf.
Crazy Yiuf is lightly wounded.
Crazy Yiuf hits you but does no damage.
You suddenly lose the ability to move!
Crazy Yiuf says, "Mama!
Ghoul tired dark."
Crazy Yiuf barely misses you.
Crazy Yiuf hits you with a +3 quarterstaff of chaos!
* * * LOW HITPOINT WARNING * * *
Crazy Yiuf yells, "Castle wrapper light!"
Crazy Yiuf hits you with a +3 quarterstaff of chaos.
* * * LOW HITPOINT WARNING * * *
Crazy Yiuf draws strength from your wounds!
Crazy Yiuf says, "Mugger leg toodlewoodle!"
Crazy Yiuf hits you with a +3 quarterstaff of chaos.
You feel drained.
Crazy Yiuf hits you with a +3 quarterstaff of chaos.
You are electrocuted!!
Ouch! That really hurt!
You die...

#.# ###....###
#.# ###.....## #
#.# #.......# ###
###.)...## #
###.#..###
###....... ####♣♣
**### #.....##..
##)..P♣♣ ♣♣#..)#
#####.##.#
#......♣♣♣♣@g...#
#.##.#
#....♣..♣..♣#...#
#####.##.#
#.#).P.♣.♣♣♣ ###
#.........
#.###♣♣♣♣♣
#####..... #.#
##....
#.###########
#### #.#.#
#...........#
#..#####.#.#
#########.###
##.......... #.#
#.####..###


You could see Crazy Yiuf.

Vanquished Creatures
  An ooze (D:1)
  A worm (D:2)
  2 dart slugs (D:2)
  2 leopard geckos (D:2)
  A ball python (D:1)
  3 goblins
  5 hobgoblins
  4 jackals (D:2)
  7 bats
  4 frilled lizards
  7 kobolds (D:1)
  6 rats
  3 fungi (D:2)
46 creatures vanquished.

Notes
Turn   | Place    | Note
-------+----------+-------------------------------------------
     0 | D:1      | gruber the Deep Dwarf Fighter began the quest for the Orb.
     0 | D:1      | Reached XP level 1. HP: 20/20 MP: 1/1
   188 | D:1      | Reached skill level 3 in Axes
   242 | D:1      | Reached XP level 2. HP: 22/27 MP: 2/2
   507 | D:2      | Reached XP level 3. HP: 24/33 MP: 3/3
   525 | D:2      | Reached skill level 4 in Axes
   533 | D:2      | Found a glowing golden altar of the Shining One.
  1498 | D:2      | Found a runed translucent door.
  1499 | D:2      | Noticed Crazy Yiuf
  1506 | D:2      | Paralysed by Crazy Yiuf for 6 turns
  1511 | D:2      | Mangled by Crazy Yiuf

Illustrated notes

Levels and vault maps discovered:
D:1:      dpeg_arrival_arbitrary_c, layout_rooms, minmay_distorted
D:2:      layout_loops_ring, overflow_temple_1_default, uniq_crazy_yiuf_cottage

Skill      XL: |  1  2  3 |
---------------+----------+-----
Axes           | 3 4 |  4.5
Fighting       | |  2.6
Armour         | |  3.2
Shields        | |  3.2

Action                   || total
-------------------------++-------
Melee: War axe           ||   172
  Eat: Chunk             ||     1
Armor: Scale mail        ||    87
       Plate armour      ||     2
Dodge: Dodged            ||    62
Block: Kite shield       ||   104
